 Dungeon Sprint DCSS version 0.18.1-5-g4a78601 (webtiles) character file.

1000000 Dungeonaut the Acrobat (level 15, -17/132 HPs)
             Began as a Mummy Gladiator on May 9, 2016.
             Demolished by a bag of meat
             ... wielding a +9 war axe
              (41 damage)
             ... in the Dungeon (Sprint VIII: "Arena of Blood").
             The game lasted 00:02:33 (10 turns).

Dungeonaut the Acrobat (Mummy Gladiator)              Turns: 10, Time: 00:02:33

Health: -17/132    AC:  4    Str: 25    XL:     15   Next: 57%
Magic:  15/15      EV: 24    Int:  8    God:
Gold:   0          SH:  0    Dex: 12    Spells: 0 memorised, 14 levels left

rFire  x . .     SeeInvis .     f - +∞ Axe of Woe
rCold  + . .     Gourm    .     b - +0 leather armour
rNeg   + + +     Faith    .     (shield currently unavailable)
rPois  ∞         Spirit   .     c - +0 helmet
rElec  .         Dismiss  .     (no cloak)
rCorr  .         Reflect  .     (no gloves)
SustAt .         Harm     .     (no boots)
MR     +....     NoTele   +     (no amulet)
Stlth  +.........               (no ring)
                                (no ring)

@: somewhat resistant to hostile enchantments, very unstealthy
A: no food or potions, fire vulnerability, cold resistance 1, negative energy
resistance 3, torment resistance, unbreathing, in touch with death 1, restore
body
a: Self-Restoration


You were in the Dungeon.
You were not hungry.

You visited 1 branch

Inventory:

Hand Weapons
 a - a +0 quarterstaff
 f - the +∞ Axe of Woe (weapon)
   (You found it in the Dungeon)
Missiles
 d - 3 throwing nets (quivered)
Armour
 b - a +0 leather armour (worn)
 c - a +0 helmet (worn)
Scrolls
 e - a scroll of blinking


   Skills:
 + Level 16.5 Fighting
 + Level 4.8 Axes
 + Level 22.6 Staves
 + Level 13.1 Throwing
 + Level 22.7 Dodging


You had 14 spell levels left.
You didn't know any spells.

Dungeon Overview and Level Annotations

Branches:
Dungeon (1/1)

Altars:
Makhleb


Innate Abilities, Weirdness & Mutations

You do not eat or drink.
Your flesh is vulnerable to fire.
You are immune to poison.
Your flesh is cold resistant.
You are immune to negative energy.
You are immune to unholy pain and torment.
You can survive without breathing.
You are in touch with the powers of death.
You can restore your body by infusing magical energy.


Message History

Your Axes skill increases to level 4!
Your Staves skill increases to level 21!
Your Dodging skill increases to level 22!
You have reached level 15!
Your experience leads to an increase in your attributes!
Increase (S)trength, (I)ntelligence, or (D)exterity?
You feel stronger. x2
You slash the bag of meat!
You pulverise the bag of meat into a thin bloody mist.
You kill the bag of meat!
Your Fighting skill increases to level 16!
Your Staves skill increases to level 22!
Your Throwing skill increases to level 13!
You hear a shout! x7
The meat berserker hits you with a +9 battleaxe!!!
You hear a shout! x5
The meat berserker hits you with a +9 battleaxe!!
* * * LOW HITPOINT WARNING * * *
The bag of meat hits you with a +9 war axe!!!
You die...

#. ..# #.. ..# .
.###.. ..###..
......###.......
......_........
#.....# . .
#_.<._# ...
....#.)O..#.....
......o@o.......
......###)......
.###.. ..###..
#.. ..# . #. ..#
.. ... .... ....


You could see a meat berserker (berserk) and 2 bags of meat.

Vanquished Creatures
  An ogre (D)
  5 orcs (D)
6 creatures vanquished.

Notes
Turn   | Place    | Note
--------------------------------------------------------------
     0 | D        | Dungeonaut the Mummy Gladiator began the quest for the Orb.
     0 | D        | Reached XP level 1. HP: 16/16 MP: 1/1
     2 | D        | Noticed a meat berserker
     3 | D        | Noticed a bag of meat
     4 | D        | Noticed a bag of meat
     4 | D        | Noticed a bag of meat
     5 | D        | Killed a meat berserker
     5 | D        | Reached skill level 10 in Throwing
     5 | D        | Reached XP level 2. HP: 39/39 MP: 2/2
     5 | D        | Reached XP level 3. HP: 45/45 MP: 3/3
     5 | D        | Reached XP level 4. HP: 52/52 MP: 4/4
     5 | D        | Reached XP level 5. HP: 58/58 MP: 5/5
     5 | D        | Reached XP level 6. HP: 65/65 MP: 6/6
     5 | D        | Reached XP level 7. HP: 71/71 MP: 7/7
     5 | D        | Reached XP level 8. HP: 77/77 MP: 8/8
     5 | D        | Reached XP level 9. HP: 83/83 MP: 9/9
     5 | D        | Reached XP level 10. HP: 90/90 MP: 10/10
     5 | D        | Reached XP level 11. HP: 96/96 MP: 11/11
     5 | D        | Reached XP level 12. HP: 103/103 MP: 12/12
     5 | D        | Gained mutation: You are in touch with the powers of death. [Mummy growth]
     5 | D        | Gained mutation: You can restore your body by infusing magical energy. [Mummy growth]
     5 | D        | Reached XP level 13. HP: 109/109 MP: 13/13
     6 | D        | Noticed a bag of meat
     6 | D        | Noticed a bag of meat
     7 | D        | Noticed a bag of meat
     7 | D        | Noticed a bag of meat
     7 | D        | Noticed a bag of meat
     7 | D        | Killed a bag of meat
     7 | D        | Reached skill level 1 in Axes
     9 | D        | Noticed a meat berserker
     9 | D        | Killed a bag of meat
     9 | D        | Reached XP level 14. HP: 120/120 MP: 14/14
    10 | D        | Killed a bag of meat
    10 | D        | Reached skill level 15 in Fighting
    10 | D        | Killed a bag of meat
    10 | D        | Reached XP level 15. HP: 115/130 MP: 15/15
    10 | D        | Demolished by a bag of meat

Skill      XL: |  1  2  3  4  5  6  7  8  9 10 11 12 13 14 15 |
---------------+----------------------------------------------+-----
Fighting       | 12 14 15 16 | 16.5
Staves         | 17 19 21 22 | 22.6
Throwing       | 10 11 12 13 | 13.1
Dodging        | 17 20 22 | 22.7
Axes           | 2 4 |  4.8

Action                   |  1- 3 |  4- 6 |  7- 9 | 10-12 | 13-15 || total
-------------------------+-------+-------+-------+-------+-------++-------
Melee: Executioner's axe |     1 |       |       |       |     3 ||     4
Dodge: Dodged            |       |       |       |       |     2 ||     2
